TOP OF THE 1ST |
Grand Forks Caterpillars batting - Pitching for Kennesaw Jets : RHP Ángel Franco
|
Pitching: RHP Ángel Franco
|
|
Batting: LHB Armando Ventura
|
0-0: Ball 1-0: Ball 2-0: Swinging Strike 2-1: Ball 3-1: Base on Balls
|
Batting: RHB John Camp
|
0-0: Called Strike 0-1: Fly out, F9 (Flyball, 9LS, EV 91.2 MPH)
|
Batting: LHB Phillip White
|
0-0: Ball 1-0: Called Strike 1-1: Called Strike 1-2: Foul Ball, location: 2F 1-2: Foul Ball, location: 2F 1-2: Ball 2-2: Strikes out swinging Armando Ventura steals 2nd base Batter strikes out.
|
Batting: LHB Hsui-chuan Tsou
|
0-0: SINGLE (Groundball, 4MD, EV 103.1 MPH) Armando Ventura to third Runner from 3rd tries for Home, SAFE, no throw by CF
|
Batting: RHB Jesse Winters
|
0-0: Ball Wild Pitch! Hsui-chuan Tsou to second 1-0: Called Strike 1-1: Called Strike 1-2: Ball 2-2: Foul Ball, location: 2F 2-2: Ball 3-2: Base on Balls
|
Batting: RHB Bert Allison
|
0-0: Ball 1-0: Ball 2-0: Ball 3-0: Base on Balls Hsui-chuan Tsou to third Jesse Winters to second
|
Batting: RHB Kelly Johnson
|
0-0: Swinging Strike 0-1: Swinging Strike 0-2: Ball 1-2: Ground out 1-3 (Groundball, 23, EV 85.0 MPH)
|
Top of the 1st over - 1 run, 1 hit, 0 errors, 3 left on base; Grand Forks 1 - Kennesaw 0 |
BOTTOM OF THE 1ST |
Kennesaw Jets batting - Pitching for Grand Forks Caterpillars : RHP Franck Perrault
|
Pitching: RHP Franck Perrault
|
|
Batting: RHB Adam Wiltern
|
0-0: Ball 1-0: Ground out 4-3 (Groundball, 4, EV 86.9 MPH)
|
Batting: LHB Walt Davis
|
0-0: Called Strike 0-1: Foul Ball, location: 2F 0-2: Foul Ball, location: 2F 0-2: Ball 1-2: SINGLE (Groundball, 6MD, EV 98.1 MPH)
|
Batting: RHB Byron Shadix
|
0-0: Ball 1-0: Foul Ball, location: 2F 1-1: Ball 2-1: Swinging Strike 2-2: Foul Ball, location: 2F 2-2: Fly out, F8 (Flyball, 8LXD, EV 103.8 MPH)
|
Batting: LHB Reynaldo Pérez
|
0-0: Called Strike 0-1: Called Strike 0-2: Foul Ball, location: 2F 0-2: Fielders Choice at 2nd, U6 (Groundball, 6M, EV 84.4 MPH)
|
Bottom of the 1st over - 0 runs, 1 hit, 0 errors, 1 left on base; Grand Forks 1 - Kennesaw 0 |
TOP OF THE 2ND |
Grand Forks Caterpillars batting - Pitching for Kennesaw Jets : RHP Ángel Franco
|
Batting: RHB Edward Johnson
|
0-0: Called Strike 0-1: Ball 1-1: Foul Ball, location: 2F 1-2: Foul Ball, location: 2F 1-2: Foul Ball, location: 2F 1-2: Foul Ball, location: 2F 1-2: Ball 2-2: Strikes out looking
|
Batting: RHB Harold Dansey
|
0-0: DOUBLE (Line Drive, 3D, EV 103.1 MPH)
|
Batting: LHB Armando Ventura
|
0-0: Called Strike 0-1: Foul Ball, location: 2F 0-2: Ball 1-2: Ball 2-2: TRIPLE (Line Drive, 9D, EV 109.4 MPH) Harold Dansey scores
|
Batting: RHB John Camp
|
0-0: Foul Ball, location: 2F 0-1: Ball 1-1: Ball 2-1: Foul Ball, location: 2F 2-2: SINGLE (Groundball, 34D, EV 94.4 MPH) Armando Ventura scores
|
Batting: LHB Phillip White
|
0-0: Ball 1-0: Fly out, F8 (Flyball, 8LS, EV 78.1 MPH)
|
Batting: LHB Hsui-chuan Tsou
|
0-0: Called Strike 0-1: Ball 1-1: Foul Ball, location: 2F 1-2: SINGLE (Line Drive, 9S, EV 108.8 MPH) John Camp to second
|
Batting: RHB Jesse Winters
|
0-0: Ball 1-0: Foul Ball, location: 2F 1-1: Ball 2-1: Fly out, F8 (Flyball, 8LXD, EV 102.5 MPH)
|
Top of the 2nd over - 2 runs, 4 hits, 0 errors, 2 left on base; Grand Forks 3 - Kennesaw 0 |
BOTTOM OF THE 2ND |
Kennesaw Jets batting - Pitching for Grand Forks Caterpillars : RHP Franck Perrault
|
Batting: RHB Troy Clark
|
0-0: Swinging Strike 0-1: Ball 1-1: Ball 2-1: Ball 3-1: Base on Balls
|
Batting: LHB Matt Mullen
|
0-0: Ball 1-0: Fly out, F9 (Flyball, 9S, EV 93.1 MPH)
|
Batting: RHB Jack Plumb
|
0-0: Ground out 6-3 (Groundball, 6S, EV 65.0 MPH) Troy Clark to second
|
Batting: RHB Anthony McGee
|
0-0: Foul Ball, location: 2F 0-1: Foul Ball, location: 2F 0-2: Foul Ball, location: 2F 0-2: Ball 1-2: Ball 2-2: Ball 3-2: Foul Ball, location: 2F 3-2: Strikes out swinging
|
Bottom of the 2nd over - 0 runs, 0 hits, 0 errors, 1 left on base; Grand Forks 3 - Kennesaw 0 |
TOP OF THE 3RD |
Grand Forks Caterpillars batting - Pitching for Kennesaw Jets : RHP Ángel Franco
|
Batting: RHB Bert Allison
|
0-0: Swinging Strike 0-1: Fly out, F7 (Flyball, 7D, EV 99.4 MPH)
|
Batting: RHB Kelly Johnson
|
0-0: Swinging Strike 0-1: Ball 1-1: Ball 2-1: Ball 3-1: Base on Balls
|
Batting: RHB Edward Johnson
|
0-0: Called Strike 0-1: Ball 1-1: Fielders Choice at 2nd, 1-6 (Groundball, 34S, EV 76.9 MPH)
|
Batting: RHB Harold Dansey
|
0-0: Ball 1-0: Called Strike Edward Johnson is caught stealing 2nd base 2-4
|
Top of the 3rd over - 0 runs, 0 hits, 0 errors, 0 left on base; Grand Forks 3 - Kennesaw 0 |
BOTTOM OF THE 3RD |
Kennesaw Jets batting - Pitching for Grand Forks Caterpillars : RHP Franck Perrault
|
Batting: RHB Harold Keightley
|
0-0: Fly out, F4 (Popup, 4M, EV 60.0 MPH)
|
Batting: RHB Adam Wiltern
|
0-0: Swinging Strike 0-1: Fly out, F8 (Flyball, 8RXD, EV 95.0 MPH)
|
Batting: LHB Walt Davis
|
0-0: Ball 1-0: Ball 2-0: Foul Ball, location: 2F 2-1: Ball 3-1: Ground out 6-3 (Groundball, 6, EV 88.8 MPH)
|
Bottom of the 3rd over - 0 runs, 0 hits, 0 errors, 0 left on base; Grand Forks 3 - Kennesaw 0 |
TOP OF THE 4TH |
Grand Forks Caterpillars batting - Pitching for Kennesaw Jets : RHP Ángel Franco
|
Batting: RHB Harold Dansey
|
0-0: Ball 1-0: SINGLE (Groundball, 56D, EV 104.4 MPH)
|
Batting: LHB Armando Ventura
|
0-0: Swinging Strike 0-1: Swinging Strike 0-2: Foul Ball, location: 2F 0-2: Strikes out looking
|
Batting: RHB John Camp
|
0-0: Called Strike 0-1: Called Strike 0-2: Foul Ball, location: 2F 0-2: Ball 1-2: Ball 2-2: DOUBLE (Flyball, 78XD, EV 99.4 MPH) Harold Dansey to third
|
Batting: LHB Phillip White
|
0-0: Ball 1-0: Called Strike 1-1: Ball 2-1: Foul Ball, location: 2F 2-2: Ball 3-2: Foul Ball, location: 2F 3-2: SINGLE (Groundball, 4MD, EV 105.0 MPH) Harold Dansey scores John Camp to third Runner from 3rd tries for Home, SAFE, throw by CF to home
|
Batting: LHB Hsui-chuan Tsou
|
0-0: Called Strike 0-1: Ball 1-1: Foul Ball, location: 2F 1-2: Foul Ball, location: 2F 1-2: Ball 2-2: Foul Ball, location: 2F 2-2: DOUBLE (Line Drive, 89M, EV 102.5 MPH) Phillip White to third
|
Batting: RHB Jesse Winters
|
0-0: Ball 1-0: Called Strike 1-1: Foul Ball, location: 2F 1-2: Strikes out swinging
|
Batting: RHB Bert Allison
|
0-0: Foul Ball, location: 2F 0-1: SINGLE (Line Drive, 9S, EV 90.6 MPH) Phillip White scores Hsui-chuan Tsou to third
|
Pitching: RHP Louis Fuchs
|
|
Batting: RHB Kelly Johnson
|
0-0: Ball 1-0: Foul Ball, location: 2F 1-1: Foul Ball, location: 2F 1-2: Strikes out swinging
|
Top of the 4th over - 3 runs, 5 hits, 0 errors, 2 left on base; Grand Forks 6 - Kennesaw 0 |
BOTTOM OF THE 4TH |
Kennesaw Jets batting - Pitching for Grand Forks Caterpillars : RHP Franck Perrault
|
Batting: RHB Byron Shadix
|
0-0: Ball 1-0: SINGLE (Groundball, 4, EV 104.4 MPH) (infield hit)
|
Batting: LHB Reynaldo Pérez
|
0-0: Fly out, F9 (Flyball, 89S, EV 90.0 MPH)
|
Batting: RHB Troy Clark
|
0-0: Foul Ball, location: 2F 0-1: Foul Ball, location: 2F 0-2: Strikes out swinging
|
Batting: LHB Matt Mullen
|
0-0: Called Strike 0-1: Called Strike 0-2: Strikes out swinging
|
Bottom of the 4th over - 0 runs, 1 hit, 0 errors, 1 left on base; Grand Forks 6 - Kennesaw 0 |
TOP OF THE 5TH |
Grand Forks Caterpillars batting - Pitching for Kennesaw Jets : RHP Louis Fuchs
|
Batting: RHB Edward Johnson
|
0-0: Ball 1-0: Ball 2-0: Foul Ball, location: 2F 2-1: Foul Ball, location: 2F 2-2: Strikes out looking
|
Batting: RHB Harold Dansey
|
0-0: Called Strike 0-1: Foul Ball, location: 2F 0-2: Ball 1-2: Foul Ball, location: 2F 1-2: Ground out 1-3 (Groundball, 13S, EV 68.1 MPH)
|
Batting: LHB Armando Ventura
|
0-0: Ball 1-0: Swinging Strike 1-1: Foul Ball, location: 2F 1-2: Strikes out swinging
|
Top of the 5th over - 0 runs, 0 hits, 0 errors, 0 left on base; Grand Forks 6 - Kennesaw 0 |
BOTTOM OF THE 5TH |
Kennesaw Jets batting - Pitching for Grand Forks Caterpillars : RHP Franck Perrault
|
Batting: RHB Jack Plumb
|
0-0: Ball 1-0: Ball 2-0: Called Strike 2-1: Foul Ball, location: 2F 2-2: Strikes out swinging
|
Batting: RHB Anthony McGee
|
0-0: Ball 1-0: Called Strike 1-1: Ball 2-1: Ball 3-1: Swinging Strike 3-2: Base on Balls
|
Batting: RHB Harold Keightley
|
0-0: Called Strike 0-1: Foul Ball, location: 2F 0-2: Foul Ball, location: 2F 0-2: Ball 1-2: Foul Ball, location: 2F 1-2: Foul Ball, location: 2F 1-2: Ball 2-2: Strikes out looking
|
Batting: RHB Adam Wiltern
|
0-0: Ball 1-0: DOUBLE (Line Drive, 78D, EV 113.8 MPH) Anthony McGee to third Runner from 3rd tries for Home, SAFE, throw by CF to home
|
Batting: LHB Walt Davis
|
0-0: Foul Ball, location: 2F 0-1: Foul Ball, location: 2F 0-2: Ball 1-2: Fly out, F7 (Line Drive, 7D, EV 106.9 MPH)
|
Bottom of the 5th over - 1 run, 1 hit, 0 errors, 1 left on base; Grand Forks 6 - Kennesaw 1 |
TOP OF THE 6TH |
Grand Forks Caterpillars batting - Pitching for Kennesaw Jets : RHP Louis Fuchs
|
Batting: RHB John Camp
|
0-0: Ball 1-0: Called Strike 1-1: Swinging Strike 1-2: Foul Ball, location: 2F 1-2: Ball 2-2: Strikes out swinging
|
Batting: LHB Phillip White
|
0-0: Ball 1-0: Ball 2-0: Fly out, F7 (Line Drive, 7, EV 88.1 MPH)
|
Batting: LHB Hsui-chuan Tsou
|
0-0: Foul Ball, location: 2F 0-1: Called Strike 0-2: Ball 1-2: Foul Ball, location: 2F 1-2: Ball 2-2: Foul Ball, location: 2F 2-2: Ball 3-2: Fly out, F9 (Line Drive, 9, EV 90.0 MPH)
|
Top of the 6th over - 0 runs, 0 hits, 0 errors, 0 left on base; Grand Forks 6 - Kennesaw 1 |
BOTTOM OF THE 6TH |
Kennesaw Jets batting - Pitching for Grand Forks Caterpillars : RHP Franck Perrault
|
Batting: RHB Byron Shadix
|
0-0: Ball 1-0: Fly out, F8 (Flyball, 89D, EV 85.0 MPH)
|
Batting: LHB Reynaldo Pérez
|
0-0: Called Strike 0-1: Ball 1-1: Ball 2-1: Ball 3-1: Foul Ball, location: 2F 3-2: Foul Ball, location: 2F 3-2: Base on Balls
|
Pitching: LHP Carlos Menéndez
|
|
Batting: RHB Troy Clark
|
0-0: Ball 1-0: SINGLE (Groundball, 6D, EV 105.0 MPH) Reynaldo Pérez to second
|
Batting: LHB Matt Mullen
|
0-0: Called Strike 0-1: Called Strike 0-2: SINGLE (Groundball, 56S, EV 74.4 MPH) (infield hit) Reynaldo Pérez to third Troy Clark to second
|
Batting: RHB Jack Plumb
|
0-0: Called Strike 0-1: Ball 1-1: Ball 2-1: Ball 3-1: Foul Ball, location: 2F 3-2: Foul Ball, location: 2F 3-2: Fly out, F8 (Flyball, 89M, EV 90.6 MPH) Runner from 3rd tags up, OUT at HOME! 8-2
|
Bottom of the 6th over - 0 runs, 2 hits, 0 errors, 2 left on base; Grand Forks 6 - Kennesaw 1 |
TOP OF THE 7TH |
Grand Forks Caterpillars batting - Pitching for Kennesaw Jets : RHP Louis Fuchs
|
Batting: RHB Jesse Winters
|
0-0: Ground out 6-3 (Groundball, 6S, EV 76.9 MPH)
|
Batting: RHB Bert Allison
|
0-0: Called Strike 0-1: Called Strike 0-2: Foul Ball, location: 2F 0-2: Fly out, F9 (Flyball, 89D, EV 107.5 MPH)
|
Batting: RHB Kelly Johnson
|
0-0: Ball 1-0: Ball 2-0: Foul Ball, location: 2F 2-1: Ball 3-1: Base on Balls
|
Pitching: RHP Pacho Hernández
|
|
Batting: RHB Edward Johnson
|
0-0: Ball 1-0: Swinging Strike 1-1: Foul Ball, location: 2F 1-2: Strikes out swinging
|
Top of the 7th over - 0 runs, 0 hits, 0 errors, 1 left on base; Grand Forks 6 - Kennesaw 1 |
BOTTOM OF THE 7TH |
Kennesaw Jets batting - Pitching for Grand Forks Caterpillars : LHP Carlos Menéndez
|
Batting: RHB Anthony McGee
|
0-0: Called Strike 0-1: Called Strike 0-2: Foul Ball, location: 2F 0-2: Foul Ball, location: 2F 0-2: Ball 1-2: Foul Ball, location: 2F 1-2: Ball 2-2: Strikes out swinging
|
Batting: RHB Harold Keightley
|
0-0: DOUBLE (Flyball, 8LXD, EV 104.4 MPH)
|
Batting: RHB Adam Wiltern
|
0-0: Called Strike 0-1: Ball 1-1: Ball 2-1: Foul Ball, location: 2F 2-2: Foul Ball, location: 2F 2-2: Ball 3-2: Strikes out swinging
|
Batting: LHB Walt Davis
|
0-0: Swinging Strike 0-1: Foul Ball, location: 2F 0-2: Ball 1-2: Strikes out swinging, 2-3 out at first.
|
Bottom of the 7th over - 0 runs, 1 hit, 0 errors, 1 left on base; Grand Forks 6 - Kennesaw 1 |
TOP OF THE 8TH |
Grand Forks Caterpillars batting - Pitching for Kennesaw Jets : RHP Pacho Hernández
|
Batting: RHB Harold Dansey
|
0-0: Called Strike 0-1: Ball 1-1: Ball 2-1: Fly out, F8 (Flyball, 8RD, EV 97.5 MPH)
|
Batting: LHB Armando Ventura
|
0-0: Ball 1-0: Ball 2-0: Foul Ball, location: 2F 2-1: SINGLE (Groundball, 34, EV 90.6 MPH) (infield hit)
|
Batting: RHB John Camp
|
0-0: Called Strike 0-1: Ball 1-1: Called Strike 1-2: Ball 2-2: Strikes out swinging
|
Batting: LHB Phillip White
|
0-0: Ball 1-0: Called Strike Armando Ventura steals 2nd base 1-1: Called Strike 1-2: Ground out 1-3 (Groundball, 13S, EV 69.4 MPH)
|
Top of the 8th over - 0 runs, 1 hit, 0 errors, 1 left on base; Grand Forks 6 - Kennesaw 1 |
BOTTOM OF THE 8TH |
Kennesaw Jets batting - Pitching for Grand Forks Caterpillars : LHP Carlos Menéndez
|
Batting: RHB Byron Shadix
|
0-0: Foul Ball, location: 2F 0-1: Foul Ball, location: 2F 0-2: Ball 1-2: Strikes out swinging
|
Pitching: LHP Félix Cordero
|
|
Batting: LHB Reynaldo Pérez
|
0-0: Fly out, F7 (Line Drive, 7, EV 90.0 MPH)
|
Batting: RHB Troy Clark
|
0-0: Ball 1-0: Called Strike 1-1: Foul Ball, location: 2F 1-2: Foul Ball, location: 2F 1-2: Foul Ball, location: 2F 1-2: Strikes out swinging
|
Bottom of the 8th over - 0 runs, 0 hits, 0 errors, 0 left on base; Grand Forks 6 - Kennesaw 1 |
TOP OF THE 9TH |
Grand Forks Caterpillars batting - Pitching for Kennesaw Jets : RHP Pacho Hernández
|
Batting: LHB Hsui-chuan Tsou
|
0-0: Ball 1-0: Ball 2-0: Called Strike 2-1: Fly out, F8 (Flyball, 8LD, EV 90.6 MPH)
|
Batting: RHB Jesse Winters
|
0-0: Ball 1-0: Fly out, F6 (Popup, 6M, EV 55.0 MPH)
|
Batting: RHB Bert Allison
|
0-0: Foul Ball, location: 2F 0-1: Called Strike 0-2: Ball 1-2: Fly out, F8 (Flyball, 78D, EV 88.1 MPH)
|
Top of the 9th over - 0 runs, 0 hits, 0 errors, 0 left on base; Grand Forks 6 - Kennesaw 1 |
BOTTOM OF THE 9TH |
Kennesaw Jets batting - Pitching for Grand Forks Caterpillars : LHP Félix Cordero
|
Batting: LHB Matt Mullen
|
0-0: Swinging Strike 0-1: Ball 1-1: Ball 2-1: Foul Ball, location: 2F 2-2: Strikes out swinging
|
Batting: RHB Jack Plumb
|
0-0: Fly out, F4 (Popup, 3D, EV 57.5 MPH)
|
Batting: RHB Anthony McGee
|
0-0: Called Strike 0-1: DOUBLE (Line Drive, 8LXD, EV 104.4 MPH)
|
Batting: RHB Harold Keightley
|
0-0: Swinging Strike 0-1: Called Strike 0-2: Ball 1-2: Strikes out swinging
|
Bottom of the 9th over - 0 runs, 1 hit, 0 errors, 1 left on base; Grand Forks 6 - Kennesaw 1 |
|